 Dungeon Crawl Stone Soup version 0.21.0-3-g78d12a8 (webtiles) character file.

47401 rjrrt the Devastator (level 14, 0/124 HPs)
             Began as a Deep Elf Fire Elementalist on Jan 13, 2018.
             Was a High Priest of Vehumet.
             Slain by a molten gargoyle
             ... wielding a cursed -2 flail
              (2 damage)
             ... in a volcano.
             The game lasted 01:16:09 (23641 turns).

rjrrt the Devastator (Deep Elf Fire Elementalist)  Turns: 23641, Time: 01:16:10

Health: 0/124      AC:  9    Str: 10    XL:     14   Next: 8%
Magic:  31/33      EV: 24    Int: 26    God:    Vehumet [*****.]
Gold:   1024       SH:  0    Dex: 18    Spells: 1/39 levels left

rFire    + + +     SeeInvis .   b - +4 whip (elec)
rCold    . . .     Gourm    .   (no shield)
rNeg     . . .     Faith    .   v - +2 robe {rC+ rF+}
rPois    .         Spirit   .   D - +0 helmet
rElec    .         Reflect  .   I - +0 cloak {MR+}
rCorr    .         Harm     .   C - +1 pair of gloves {Dex+3}
MR       +++..                  d - +0 pair of boots of Idealism {rF+ MR+}
Stlth    ..........             (no amulet)
HPRegen  0.30/turn              l - ring of fire
MPRegen  0.23/turn              H - +3 ring of evasion

@: berserking (expiring), very quick
A: no striking features
a: Renounce Religion


You were in a volcano.
You worshipped Vehumet.
Vehumet was extremely pleased with you.
You were hungry.

You visited 3 branches of the dungeon, and saw 19 of its levels.
You also visited: Labyrinth, Ossuary and Volcano.

You collected 1280 gold pieces.
You spent 256 gold pieces at shops.

Inventory:

Hand Weapons
 b - a +4 whip of electrocution (weapon)
 c - a +0 trident of venom
Missiles
 p - 7 javelins (quivered)
Armour
 d - the +0 pair of boots of Idealism (worn) {rF+ MR+}
   (You bought it in a shop on level 9 of the Dungeon)

   It protects you from fire.
   It affects your resistance to hostile enchantments.
 m - the +0 pair of boots of Daffodils {rElec Str+3 Dex+2}
   (You found it on level 6 of the Dungeon)

   It affects your strength (+3).
   It affects your dexterity (+2).
   It insulates you from electricity.
 v - a +2 robe of resistance (worn)
 C - a +1 pair of gloves of dexterity (worn)
 D - a +0 helmet (worn)
 I - a +0 cloak of magic resistance (worn)
Magical Staves
 a - an uncursed staff of power
Jewellery
 l - a ring of fire (left hand)
 u - an uncursed ring of poison resistance
 H - a +3 ring of evasion (right hand)
 M - the amulet of Miomaqinni {Spirit +Fly rN+}
   (You found it on level 2 of the Lair of Beasts)

   [amulet of guardian spirit]

   It causes incoming damage to be split between your health and magic.
   It protects you from negative energy.
   It lets you fly.
Wands
 y - a wand of iceblast (16)
 E - a wand of disintegration (10)
 K - a wand of digging (8)
 N - a wand of polymorph (13)
Scrolls
 e - a scroll of magic mapping
 h - 3 scrolls of fear
 j - 7 scrolls of identify
 k - 2 scrolls of blinking
 o - 5 scrolls of teleportation
 q - a scroll of amnesia
 r - 2 scrolls of fog
 x - 2 scrolls of vulnerability
 B - 4 scrolls of remove curse
Potions
 f - 5 potions of lignification
 g - a potion of heal wounds
 i - 2 potions of agility
 n - 2 potions of berserk rage
 s - 5 potions of brilliance
 t - 8 potions of curing
 w - 2 potions of resistance
 A - a potion of flight
 F - 2 potions of haste
 J - 2 potions of mutation
 O - 2 potions of magic
 P - a potion of invisibility
Books
 L - the Compendium of Transmutation and the Volcanoes
   (You found it on level 11 of the Dungeon)

   Spells                             Type                      Level
   a - Irradiate                      Conjuration/Transmutation    5
   b - Blade Hands                    Transmutation                5
   c - Ignition                       Fire                         8
Comestibles
 z - a chunk of flesh
 G - 24 rations


   Skills:
 + Level 7.8 Fighting
 + Level 11.3 Dodging
 - Level 2.4 Stealth
 + Level 13.4 Spellcasting
 * Level 15.4 Conjurations
 + Level 3.2 Summonings
 + Level 2.4 Necromancy
 + Level 11.8 Fire Magic


You had one spell level left.
You knew the following spells:

 Your Spells              Type           Power        Failure   Level  Hunger
a - Venom Bolt            Conj/Pois      ######....   1%          5    ##.....
b - Conjure Flame         Conj/Fire      #######.     1%          3    None
c - Sticky Flame          Conj/Fire      #######.     1%          4    None
d - Fireball              Conj/Fire      #######...   1%          5    ##.....
e - Flame Tongue          Conj/Fire      #####        0%          1    None
f - Bolt of Fire          Conj/Fire      #######...   1%          6    #####..
g - Regeneration          Chrm/Necr      ###.......   6%          3    None
n - Animate Dead          Necr           N/A          12%         4    None
v - Spellforged Servitor  Conj/Summ      ######....   16%         7    ######.


Dungeon Overview and Level Annotations

Branches:
Dungeon (12/15)            Temple (1/1) D:7            Lair (6/6) D:10
 Shoals (0/4) Lair:3       Spider (0/4) Lair:3        Slime (0/5) Lair:6
    Orc (0/2) D:9

Altars:
Ashenzari
Cheibriados
Dithmenos
Fedhas
Makhleb
Nemelex Xobeh
Okawaru
Qazlal
Sif Muna
Trog
Uskayaw
Vehumet
Xom
Yredelemnul
Zin
The Shining One

Shops:
D:9 [

Annotations:
D:2 Sigmund
D:4 XxsatanxX's ghost, amateur HOBe
D:5 Snicker's ghost, novice MiGl


Message History

The molten gargoyle is lightly damaged.
Unknown command.
You hit the molten gargoyle but do no damage.
The molten gargoyle is lightly damaged.
The molten gargoyle hits you but does no damage.
Unknown command.
You barely miss the molten gargoyle.
The molten gargoyle is lightly damaged.
You hit the molten gargoyle.
The molten gargoyle is moderately damaged.
The molten gargoyle blasts magma at you!
The bolt of magma hits you! You partially resist.
* * * LOW HITPOINT WARNING * * *
Unknown command.
You hit the molten gargoyle but do no damage.
The molten gargoyle is moderately damaged.
The molten gargoyle hits you with a flail!
* * * LOW HITPOINT WARNING * * *
You are engulfed in flames.
You resist.
You die...

..≈≈≈§≈§≈§§≈≈≈§≈§...≈
≈§≈≈§≈≈≈≈≈≈≈§§§§§≈§≈§
≈≈≈≈≈≈≈≈≈≈§≈≈≈§§≈≈≈§§
≈≈§≈≈≈≈≈§≈≈≈§§§§≈≈≈§§
≈§§≈§§≈≈≈≈≈≈≈≈§§§≈≈§≈
≈§≈≈§≈≈≈≈≈≈≈§≈≈.≈≈.§§
§§§≈§§...............
≈§≈≈.########+########
≈≈§§.# #.#.@9...# ≈≈≈§.#
#.#.#8%..# ≈§≈≈.#
#.#.#$!$.# ≈≈≈≈.#
#.#.#?[$.# ≈
≈≈≈≈.######.#.#.######.§§
§≈≈≈.#......#.#......#§≈§
≈≈≈≈.###++###'###''###..≈
§≈≈≈.# #..)..#....#
§§≈≈.#
#.8_8(#..∩.#.≈≈≈≈≈≈§§§§


You could see a molten gargoyle and a friendly spellforged servitor.

Vanquished Creatures
  Gastronok (D:12)
  A stone giant (Volcano)
  A minotaur (Lab)
  2 hydras
  A two-headed ogre (D:11)
  3 death yaks (Lair:4)
  Pikel (D:7)
  The ghost of Rhandor the Cleaver, a novice GrGl of Gozag (D:8)
  Maurice (D:8)
  4 elephants
  3 black mambas
  Joseph (D:9)
  A merfolk siren (Lair:3)
  14 spiny frogs
  Psyche (D:10)
  4 gargoyles (Lab)
  A rime drake (Lair:4)
  3 komodo dragons
  3 trolls
  A jumping spider (Lair:3)
  A polar bear (Lair:4)
  A minotaur skeleton (Lab)
  A hornet (D:11)
  9 hippogriffs
  5 blink frogs (Lair:3)
  12 spriggans (Lair:3)
  A wraith (D:11)
  2 wyverns
  41 yaks
  2 redbacks
  2 fire bats (Volcano)
  5 basilisks
  2 fire elementals (Volcano)
  4 hogs (D:7)
  4 hungry ghosts
  A steam dragon (D:8)
  Menkaure (D:6)
  7 swamp worms (D:11)
  9 water moccasins
  An acid dragon (D:11)
  19 porcupines
  4 black bears
  3 ice beasts
  2 orc warriors
  3 sky beasts (D:9)
  6 ogres
  5 centaurs
  3 phantoms
  A necrophage (D:9)
  4 boggarts (Lair:4)
  5 wolves
  A big kobold (D:12)
  8 crocodiles
  9 bullfrogs
  9 scorpions
  60 killer bees
  13 wights
  2 electric eels
  A howler monkey (D:6)
  9 lava snakes
  5 crimson imps
  A human zombie (Ossuary)
  3 jellies
  8 centaur zombies
  7 hounds
  4 orc priests
  Natasha (twice) (D:3)
  7 orc wizards
  9 worker ants
  A killer bee zombie (D:10)
  3 big kobold zombies (Ossuary)
  A hound skeleton (D:9)
  A hound zombie (D:6)
  5 mummies
  3 gnolls (D:9)
  7 adders
  4 scorpion zombies (Ossuary)
  5 shadow imps
  2 adder zombies (D:9)
  2 adder skeletons (D:6)
  13 worms
  A dart slug (D:6)
  2 leopard geckos
  35 orcs
  7 giant cockroaches
  4 goblins
  8 hobgoblins
  9 jackals
  16 kobolds
  2 quokkas
  A ball python (D:3)
  4 bats (D:1)
  A frilled lizard (D:1)
  A gnoll zombie (Ossuary)
  3 goblin zombies (Ossuary)
  A hobgoblin zombie (Ossuary)
  A jackal skeleton (D:4)
  A kobold zombie (Ossuary)
  2 leopard gecko zombies
  An orc zombie (Ossuary)
  A quokka zombie (D:7)
  3 rats
  2 fungi (D:10)
  4 plants
529 creatures vanquished.

Vanquished Creatures (collateral kills)
  A gargoyle (Volcano)
  An efreet (Volcano)
2 creatures vanquished.

Vanquished Creatures (others)
  A human (D:7)
  3 slaves (D:7)
  A bullfrog zombie (D:7)
  An orc wizard (D:7)
  A shadow imp (D:7)
  2 orcs (D:7)
  A quokka (D:7)
  25 fungi
  15 plants
50 creatures vanquished.

Grand Total: 581 creatures vanquished

Notes
Turn   | Place    | Note
-------+----------+-------------------------------------------
     0 | D:1      | rjrrt the Deep Elf Fire Elementalist began the quest for the Orb.
     0 | D:1      | Reached XP level 1. HP: 10/10 MP: 6/6
   433 | D:1      | Reached XP level 2. HP: 15/15 MP: 4/8
   640 | D:1      | Reached skill level 2 in Conjurations
   910 | D:2      | Noticed Sigmund
   934 | D:3      | Reached XP level 3. HP: 9/19 MP: 6/10
  1110 | D:3      | Learned a level 3 spell: Conjure Flame
  1252 | D:3      | Found an iron altar of Okawaru.
  1410 | D:3      | Noticed Natasha
  1416 | D:3      | Killed Natasha
  1416 | D:3      | Reached skill level 3 in Conjurations
  1419 | D:3      | Reached XP level 4. HP: 12/24 MP: 1/12
  1567 | D:3      | Noticed Natasha
  1786 | D:3      | Learned a level 4 spell: Sticky Flame
  2352 | D:2      | Found a faded altar of an unknown god.
  2376 | D:2      | Found a shadowy altar of Dithmenos.
  2665 | D:4      | Reached skill level 4 in Conjurations
  2665 | D:4      | Reached XP level 5. HP: 28/28 MP: 8/13
  2880 | D:4      | Found a sand-covered staircase.
  2943 | Ossuary  | Entered an ossuary
  3047 | Ossuary  | Reached skill level 5 in Spellcasting
  3047 | Ossuary  | Reached XP level 6. HP: 28/32 MP: 11/15
  3057 | Ossuary  | Reached skill level 5 in Conjurations
  3153 | Ossuary  | Reached skill level 5 in Fire Magic
  3267 | Ossuary  | Reached XP level 7. HP: 36/36 MP: 9/17
  3431 | Ossuary  | Reached skill level 6 in Conjurations
  4081 | Ossuary  | Reached skill level 7 in Conjurations
  4214 | Ossuary  | Learned a level 5 spell: Fireball
  4250 | D:4      | Noticed XxsatanxX's ghost (amateur HOBe)
  4335 | D:3      | Killed Natasha
  4468 | D:4      | Reached XP level 8. HP: 38/41 MP: 10/20
  4781 | D:5      | Entered Level 5 of the Dungeon
  5060 | D:5      | Noticed Snicker's ghost (novice MiGl)
  5249 | D:6      | Found a snail-covered altar of Cheibriados.
  5313 | D:6      | Reached skill level 1 in Fighting
  5321 | D:6      | Noticed Menkaure
  5326 | D:6      | Killed Menkaure
  5538 | D:6      | Got a pair of warped boots
  5544 | D:6      | Identified the +0 pair of boots of Daffodils {rElec Str+3 Dex+2} (You found it on level 6 of the Dungeon)
  5619 | D:6      | Found a shimmering altar of Xom.
  5802 | D:6      | Found a deep blue altar of Sif Muna.
  5876 | D:6      | Reached skill level 8 in Conjurations
  6023 | D:6      | Found a snail-covered altar of Cheibriados.
  6237 | D:6      | Found a sparkling altar of Nemelex Xobeh.
  6456 | D:6      | Reached XP level 9. HP: 33/48 MP: 10/22
  7253 | D:7      | Noticed Pikel
  7269 | D:7      | Killed Pikel
  7269 | D:7      | Reached skill level 9 in Conjurations
  7290 | D:7      | Reached skill level 5 in Dodging
  7764 | D:7      | Found a staircase to the Ecumenical Temple.
  7770 | Temple   | Entered the Ecumenical Temple
  7811 | Temple   | Became a worshipper of Vehumet
  8625 | D:8      | Noticed Maurice
  8648 | D:8      | Killed Maurice
  8648 | D:8      | Reached skill level 10 in Conjurations
  8888 | D:8      | Noticed Rhandor's ghost (novice GrGl)
  9021 | D:8      | Reached XP level 10. HP: 41/56 MP: 25/25
  9521 | D:8      | Found a glowing golden altar of the Shining One.
  9523 | D:8      | Found a hide-covered altar of Uskayaw.
  9725 | D:8      | Killed Rhandor's ghost
 10042 | D:9      | Reached * piety under Vehumet
 10042 | D:9      | Offered knowledge of Shock by Vehumet.
 10048 | D:9      | Learned a level 1 spell: Shock
 10360 | D:9      | Found Liwat's Antique Armour Emporium.
 10367 | D:9      | Bought a pair of spiked boots for 256 gold pieces
 10377 | D:9      | Identified the cursed +0 pair of boots of Idealism {rF+ MR+} (You bought it in a shop on level 9 of the Dungeon)
 10563 | D:9      | Reached skill level 11 in Conjurations
 10750 | D:9      | Found a staircase to the Orcish Mines.
 10846 | D:9      | Found a glowing silver altar of Zin.
 10939 | D:9      | Reached ** piety under Vehumet
 10963 | D:9      | Offered knowledge of Magic Dart by Vehumet.
 11037 | D:9      | Noticed Joseph
 11040 | D:9      | Killed Joseph
 11040 | D:9      | Reached skill level 10 in Spellcasting
 11044 | D:9      | Learned a level 1 spell: Magic Dart
 11236 | D:10     | Entered Level 10 of the Dungeon
 11256 | D:10     | Reached XP level 11. HP: 62/62 MP: 16/27
 11261 | D:10     | Noticed Psyche
 11639 | D:10     | Killed Psyche
 11787 | D:10     | Found a staircase to the Lair.
 11977 | D:10     | Found a shimmering altar of Xom.
 11977 | D:10     | Found a shimmering altar of Xom.
 11978 | D:10     | Found a shimmering altar of Xom.
 11978 | D:10     | Found a shimmering altar of Xom.
 11979 | D:10     | Found a shimmering altar of Xom.
 11979 | D:10     | Found a shimmering altar of Xom.
 11979 | D:10     | Found a shimmering altar of Xom.
 12193 | Lair:1   | Entered Level 1 of the Lair of Beasts
 12275 | D:10     | Offered knowledge of Ignite Poison by Vehumet.
 12336 | D:11     | Reached skill level 5 in Fighting
 12341 | D:11     | Reached skill level 12 in Conjurations
 12490 | D:11     | Reached *** piety under Vehumet
 12919 | D:11     | Offered knowledge of Dazzling Spray by Vehumet.
 13203 | D:11     | Reached **** piety under Vehumet
 13424 | D:11     | Noticed a two-headed ogre
 13444 | D:11     | Killed a two-headed ogre
 13576 | D:11     | Identified a scroll of acquirement
 13663 | D:11     | Offered knowledge of Venom Bolt by Vehumet.
 13886 | D:11     | Learned a level 5 spell: Venom Bolt
 14232 | D:11     | Identified the Compendium of Transmutation and the Volcanoes
 14272 | D:12     | Noticed Gastronok
 14434 | D:12     | Killed Gastronok
 14434 | D:12     | Reached skill level 13 in Conjurations
 14434 | D:12     | Reached XP level 12. HP: 69/69 MP: 11/29
 15003 | Lair:1   | Reached skill level 10 in Fire Magic
 15636 | Lair:1   | Reached ***** piety under Vehumet
 15648 | Lair:1   | Offered knowledge of Bolt of Fire by Vehumet.
 15657 | Lair:1   | Learned a level 6 spell: Bolt of Fire
 16164 | Lair:2   | Found a labyrinth entrance.
 16232 | Lab      | Entered a labyrinth
 16468 | Lab      | Reached skill level 10 in Dodging
 16590 | Lab      | Reached skill level 14 in Conjurations
 16855 | Lab      | Noticed a minotaur
 16862 | Lab      | Killed a minotaur
 17344 | Lair:2   | Got a vibrating brass amulet
 17346 | Lair:2   | Identified the amulet of Miomaqinni {Spirit +Fly rN+} (You found it on level 2 of the Lair of Beasts)
 18003 | Lair:3   | Reached XP level 13. HP: 76/76 MP: 18/31
 18623 | Lair:3   | Offered knowledge of Spellforged Servitor by Vehumet.
 19368 | Lair:3   | Found a staircase to the Shoals.
 19572 | Lair:3   | Found a hole to the Spider Nest.
 20035 | Lair:4   | Learned a level 7 spell: Spellforged Servitor
 20385 | Lair:4   | Reached skill level 1 in Summonings
 20458 | Lair:4   | Reached skill level 15 in Conjurations
 21128 | Lair:4   | Learned a level 3 spell: Regeneration
 21134 | Lair:4   | Learned a level 4 spell: Animate Dead
 21466 | Lair:5   | Reached skill level 1 in Necromancy
 22151 | Lair:6   | Entered Level 6 of the Lair of Beasts
 22388 | Lair:6   | Reached XP level 14. HP: 61/83 MP: 33/33
 22403 | Lair:6   | Found a dark tunnel.
 22413 | Volcano  | Entered a volcano
 23259 | Volcano  | Found a radiant altar of Vehumet.
 23451 | Volcano  | Noticed a stone giant
 23459 | Volcano  | Killed a stone giant
 23641 | Volcano  | HP: 2/124 [molten gargoyle/flail (7)]
 23641 | Volcano  | Slain by a molten gargoyle

Skill      XL: |  1  2  3  4  5  6  7  8  9 10 11 12 13 |
---------------+----------------------------------------+-----
Conjurations   | 2 3 4 5 7 8 10 11 13 14 15 | 15.4
Spellcasting   | 4 5 6 7 9 10 11 12 13 | 13.4
Fire Magic     | 4 5 6 7 8 9 11 | 11.8
Fighting       | 2 3 4 5 6 7 |  7.8
Dodging        | 4 5 7 9 10 11 | 11.3
Summonings     | 3 |  3.2
Necromancy     | 2 |  2.4
Stealth        | |  2.4

Action                   |  1- 3 |  4- 6 |  7- 9 | 10-12 | 13-15 || total
-------------------------+-------+-------+-------+-------+-------++-------
Melee: Dagger            |       |    32 |    35 |       |       ||    67
       Flail             |       |       |    24 |     9 |       ||    33
       Staff             |       |       |     4 |     8 |    25 ||    37
       Whip              |       |       |       |    19 |   102 ||   121
       Trident           |       |       |       |       |    39 ||    39
 Cast: Flame Tongue      |    56 |    82 |   226 |   364 |       ||   728
       Conjure Flame     |       |     6 |    15 |    22 |     1 ||    44
       Sticky Flame      |       |       |    14 |    69 |    79 ||   162
       Fireball          |       |       |     8 |   117 |    72 ||   197
       Venom Bolt        |       |       |       |    25 |    33 ||    58
       Bolt of Fire      |       |       |       |     3 |     6 ||     9
       Spellforged Servi |       |       |       |       |     5 ||     5
Evoke: Wand              |       |       |       |     2 |     1 ||     3
  Use: Scroll            |       |     3 |    16 |    16 |     3 ||    38
       Potion            |       |       |       |     3 |     2 ||     5
 Stab: Sleeping          |       |       |     1 |       |       ||     1
  Eat: Chunk             |     1 |     6 |     7 |    22 |    13 ||    49
       Ration            |       |       |     4 |     7 |     4 ||    15
Armor: Robe              |     2 |     6 |    23 |    36 |    45 ||   112
Dodge: Dodged            |    19 |    38 |    78 |   215 |   288 ||   638
